 Dungeon Crawl Stone Soup version 0.29-a0-997-gf6f7e2dfe7 (webtiles) character file.

Game seed: 6843475541495356653

4 Sobieck the Grasshopper (level 1, 0/19 HPs)
             Began as a Naga Warper on Aug 5, 2022.
             Slain by a quokka (4 damage)
             ... on level 1 of the Dungeon.
             The game lasted 00:00:27 (280 turns).

Sobieck the Grasshopper (Naga Warper)                Turns: 280, Time: 00:00:27

Health: 0/19       AC:  1    Str: 13    XL:     1   Next: 70%
Magic:  3/3        EV:  9    Int: 13    God:
Gold:   10         SH:  0    Dex: 10    Spells: 4/4 levels left

rFire   . . .      SeeInvis +   a - +0 hand axe {axe}
rCold   . . .      Faith    .   (no shield)
rNeg    . . .      Spirit   .   b - +0 leather armour
rPois   +          Reflect  .   (no helmet)
rElec   .          Harm     .   (no cloak)
rCorr   .          Rampage  .   (no gloves)
Will    .....                   (no barding)
Stlth   +.........              (no amulet)
HPRegen 0.06/turn               (no ring)
MPRegen 0.08/turn               (no ring)

@: very slow
A: AC +0, large, see invisible, deformed body, poison resistance, slowness 2,
spit poison 1, naga tail 1
a: Spit Poison


You were on level 1 of the Dungeon.
You visited 1 branch of the dungeon, and saw 1 of its levels.

You collected 10 gold pieces.


Innate Abilities, Weirdness & Mutations

Your serpentine skin is tough. (AC +0)
You have supernaturally acute eyesight. (SInv)
Armour fits poorly on your strangely shaped body.
Your system is resistant to poisons. (rPois)
You cover ground very slowly.
You can spit poison.
You have a snake-like lower body.


   Skills:
 - Level 2.0 Fighting
 + Level 2.4 Axes
 - Level 0.8 Throwing
 - Level 0.7 Armour
 - Level 1.5 Dodging
 - Level 2.0 Spellcasting
 - Level 3.0 Translocations


You had 4 spell levels left.
You didn't know any spells.
Your spell library contained the following spells:

 Spells                   Type           Power      Damage    Failure   Level
 Blink                    Tloc           18%        N/A       14%         2
 Gell's Gravitas          Tloc           9%         N/A       28%         3
 Lesser Beckoning         Tloc           9%         N/A       28%         3
 Teleport Other           Tloc           9%         N/A       28%         3
 Manifold Assault         Tloc           9%         N/A       95%         5

Inventory:

Hand Weapons
 a - a +0 hand axe (weapon) {axe}
Missiles
 d - 7 boomerangs of dispersal {=f!fthrowing}
 e - 30 stones {throwing}
Armour
 b - a +0 leather armour (worn)
Scrolls
 c - a scroll of blinking {!r}
 g - a scroll of enchant armour {unknown}
Potions
 f - a potion of resistance {unknown}

Dungeon Overview and Level Annotations

Branches:
Dungeon (1/15) Zot: 5683

Altars:

.. .........>.#
..##..#.......#
........#.......#
..................#
...#..##.#........#
#.##..............#
#.##.....#g.......#
#.##.##..#r########
#.##.##..#@.## .
###.##†........#
..###.#........###+#
.....#.######...##.##
..###.## #####...#
......### ##.###...##
##......# #...#.....#
........# #...#.....#
.###....# #.<.'..8..#


You could see a quokka and a goblin.


Message History

e - 7 stones {throwing} (gained 3)
e - 9 stones {throwing} (gained 2)
e - 10 stones {throwing} (gained 1)
e - 11 stones {throwing} (gained 1)
e - 12 stones {throwing} (gained 1)
e - 14 stones {throwing} (gained 2)
e - 16 stones {throwing} (gained 2)
e - 18 stones {throwing} (gained 2)
e - 19 stones {throwing} (gained 1)
e - 20 stones {throwing} (gained 1)
e - 21 stones {throwing} (gained 1)
e - 22 stones {throwing} (gained 1)
e - 23 stones {throwing} (gained 1)
You open the door.
There is an open door here.
f - a clear potion Unknown command.
You now have 10 gold pieces.
e - 30 stones {throwing} (gained 7)
A rat comes into view.
Danger!
Really fire
d - 7 boomerangs of dispersal {=f!fthrowing}?
Unknown command.
Unknown command.
The splash of poison misses the rat.
You barely miss the rat. The rat barely misses you.
You hit the rat but do no damage. The rat barely misses you.
You hit the rat.
You kill the rat!
You have got your breath back.
No target in view!
No target in view!
A ball python comes into view.
The ball python hisses angrily.
Danger!
You completely miss the ball python. The ball python closely misses you.
You closely miss the ball python. The ball python barely misses you.
You hit the ball python but do no damage.
The ball python bites you. The ball python misses you.
You closely miss the ball python.
The ball python bites you but does no damage.
You hit the ball python. The ball python barely misses you.
The ball python bites you.
You hit the ball python. The ball python bites you.
You are too injured to fight recklessly!
You are too injured to fight recklessly!
You are too injured to fight recklessly!
Aiming: Spit Poison (3% risk of failure)
Press: ? - help, Shift-Dir - straight line, f - ball python
Aim: a ball python (severely wounded, 48% to hit)
The splash of poison misses the ball python.
The ball python bites you.
Unknown command.
You are too injured to fight recklessly!
You are too injured to fight recklessly!
You are too injured to fight recklessly!
You closely miss the ball python. The ball python bites you.
* * * LOW HITPOINT WARNING * * *
The ball python barely misses you.
You hit the ball python.
You kill the ball python!
You start resting.
You have got your breath back.
Unknown command.
Unknown command.
Unknown command.
g - a scroll labelled TUAFEIMAZA Unknown command.
Found a stone staircase leading down.
Unknown command.
A kobold and a giant cockroach come into view.
The kobold shouts!
A quokka comes into view.
Danger!
The splash of poison hits the kobold.
You miss the kobold.
You have got your breath back.
The kobold closely misses you.
You barely miss the kobold. The kobold barely misses you.
You hit the kobold.
You kill the kobold!
A goblin comes into view. It is wielding a +0 club.
The giant cockroach barely misses you.
The goblin shouts!
You hit the giant cockroach.
The giant cockroach bites you but does no damage.
You hit the giant cockroach.
You kill the giant cockroach!
You hit the quokka. The quokka bites you. x2
You hit the quokka but do no damage. The quokka bites you.
* * * LOW HITPOINT WARNING * * *
You hit the quokka. The quokka bites you.
* * * LOW HITPOINT WARNING * * *
The quokka bites you.
* * * LOW HITPOINT WARNING * * *
You hit the quokka but do no damage. The quokka bites you.
* * * LOW HITPOINT WARNING * * *
You hit the quokka but do no damage. The quokka closely misses you.
You hit the quokka but do no damage. The quokka bites you.
You die...

Action                   || total
-------------------------++-------
Melee: Hand axe          ||    22
 Abil: Spit Poison       ||     3
Armor: Leather armour    ||     2
Dodge: Dodged            ||    11

Levels and vault maps discovered:
D:1:      minmay_arrival_shattered_statue, layout_loops_cross,
          chequers_mini_garden

Notes
Turn   | Place    | Note
-------+----------+-------------------------------------------
     0 | D:1      | Sobieck the Naga Warper began the quest for the Orb.
     0 | D:1      | Reached XP level 1. HP: 19/19 MP: 3/3
   278 | D:1      | HP: 3/19 [quokka (2)]
   280 | D:1      | Slain by a quokka

Vanquished Creatures
  A ball python (D:1)
  A giant cockroach (D:1)
  A kobold (D:1)
  A rat (D:1)
4 creatures vanquished.

Table legend:
 A = Non-vault XP
 B = Vault XP
 C = Vault XP percentage of total XP
 D = Non-vault monster count
 E = Vault monster count
 F = Vault count percentage of total count
                 A         B        C        D         E       F
            +---------+---------+-------+---------+---------+-------
      Total |       7 |       0 |   0.0 |       4 |       0 |   0.0
            +---------+---------+-------+---------+---------+-------
        D:1 |       7 |       0 |   0.0 |       4 |       0 |   0.0
            +---------+---------+-------+---------+---------+-------

Illustrated notes

Table legend:
 A = Kills in this place as a percentage of kills in entire the game.
 B = Kills by you in this place as a percentage of kills by you in the entire game.
 C = Kills by friends in this place as a percentage of kills by friends in the entire game.
 D = Other kills in this place as a percentage of other kills in the entire game.
 E = Experience gained in this place as a percentage of experience gained in the entire game.
 F = Experience gained in this place divided by the number of levels of this place that you have seen.
                   A       B       C       D       E      F
               +-------+-------+-------+-------+-------+----------------------
         Total | 100.0 | 100.0 |   N/A |   N/A | 100.0 |   7.0
       Dungeon | 100.0 | 100.0 |   N/A |   N/A | 100.0 |   7.0
               +-------+-------+-------+-------+-------+----------------------

Table legend: (Time is in decaauts)
 A = Elapsed time spent in this place.
 B = Non-inter-level travel time spent in this place.
 C = Inter-level travel time spent in this place.
 D = Time resting spent in this place.
 E = Time spent auto-exploring this place.
 F = Levels seen in this place.
 G = Mean time per level.
                   A        B        C        D        E       F      G
               +--------+--------+--------+--------+--------+-----+--------+
         Total |    315 |    315 |      0 |    156 |    119 |   1 |  315.0 |
       Dungeon |    315 |    315 |      0 |    156 |    119 |   1 |  315.0 |
               +--------+--------+--------+--------+--------+-----+--------+

Top non-repeatable levels by time:
     D:1: 315 daAuts
